cohdb
Replays
Latest Replays
All Replays
Popular Replays
Top Player Replays
Match Explorer
How It Works
Community
CoH3 Stats
Reddit
Sign in to upload your games and track your stats! →
Sign in with Steam
Match 43673225
Unlisted
Match 43673225
Overview
Messages
Build Orders
End
Construct Section Command Post
Selects Australian Defense Battlegroup
Selects Australian Light Infantry Section
Australian Light Infantry Section
Dingo Light Scout Car
Infantry Section
Australian Light Infantry Section
Construct Platoon Command Post
Humber Armored Car
Australian Light Infantry Section
Infantry Training
Selects CMP 15cwt Supply Run
Selects Artillery Trip Wire Flares
CMP 15cwt Truck
Australian Light Infantry Section
Tabaczany Baron
Crappeur42
603210747
BROken-J
Gwangju's Hero Chun Doo-gwang
freedman1984
SaberNeir
apple
0
0
Comments
sign in to comment!
No comments posted yet!